[Event "Titled Tuesday Blitz January 17 Early 2023"]
[White "Bosnjak, Petar"]
[Black "Aradhya, Garg"]
[WhiteFideId "14532581"]
[BlackFideId "25006746"]
[WhiteElo "2337"]
[BlackElo "2284"]
[Result "1-0"]
[Round "10"]
[TimeControl "180+2"]
[Date "2023.01.17"]
[WhiteClock "0:00:09"]
[BlackClock "0:00:05"]

1. d4 d5 2. c4 c6 3. cxd5 cxd5 4. Nc3 Nc6 5. Bf4 Bf5 6. e3 e6 7. Qb3 Bb4 8. Ne2 Nf6 9. a3 Bxc3+ 10. Nxc3 O-O 11. Qxb7 Na5 12. Qc7 Nb3 13. Qxd8 Rfxd8 14. Rd1 Bc2 15. Ba6 Bxd1 16. Kxd1 Nh5 17. Be5 f6 18. Bc7 Rd7 19. Nb5 f5 20. Kc2 f4 21. Kxb3 fxe3 22. fxe3 Rf8 23. Rc1 Rf2 24. Rc2 Rxc2 25. Kxc2 Nf6 26. Bc8 Re7 27. h3 Ne4 28. a4 Re8 29. Bd7 Re7 30. Bc8 Re8 31. Ba6 Rf8 32. Nc3 Rf2+ 33. Kb3 Nd2+ 34. Ka3 Rxg2 35. b4 h5 36. Bd3 g5 37. b5 g4 38. hxg4 h4 39. a5 h3 40. b6 axb6 41. axb6 Rf2 42. b7 Rf8 43. b8=Q Rxb8 44. Bxb8 Nf3 45. Bg3 h2 46. Bxh2 Nxh2 47. g5 Nf3 48. g6 Kg7 49. Kb4 Kf6 50. Kc5 Nd2 51. Nxd5+ exd5 52. Kxd5 Nf3 53. Ke4 Ng5+ 54. Kf4 Ne6+ 55. Kg4 Ng7 56. e4 Kxg6 57. e5+ Kf7 58. Bc4+ Ke7 59. Kf4 Ne8 60. d5 Kd8 61. Kf5 Nc7 62. d6 Ne8 63. Ke6 Ng7+ 64. Kd5 Ne8 65. e6 Nf6+ 66. Kc6 Ne4 67. Bd5 Nf6 68. Bf3 Ne8 69. e7+ Kc8 70. Bg4+ Kb8 71. d7 Nf6 72. d8=Q+ Ka7 73. Qb6+ Ka8 74. Qb7# 1-0


[Site "https://www.chess.com"]

[Event "Titled Tuesday Blitz January 17 Early 2023"]
[White "Garakov, Mikhael"]
[Black "Bocharov, Dmitry"]
[WhiteFideId "4169034"]
[BlackFideId "4138716"]
[WhiteElo "2447"]
[BlackElo "2516"]
[Result "0-1"]
[Round "10"]
[TimeControl "180+2"]
[Date "2023.01.17"]
[WhiteClock "0:00:05"]
[BlackClock "0:01:32"]

1. e4 c5 2. Nf3 d6 3. d4 cxd4 4. Nxd4 Nf6 5. Nc3 a6 6. f4 Qc7 7. a4 Nc6 8. Nf3 e6 9. Bd3 Be7 10. O-O O-O 11. Kh1 b6 12. Bd2 Bb7 13. Qe1 Nb4 14. Rc1 Nd7 15. f5 Bf6 16. fxe6 fxe6 17. Qg3 Rae8 18. Ne2 Nxd3 19. cxd3 Qb8 20. Bc3 e5 21. b4 d5 22. exd5 Bxd5 23. Bd2 e4 24. dxe4 Rxe4 25. Qxb8 Rxb8 26. Nc3 Bxc3 27. Bxc3 Re2 28. Rcd1 Bc6 29. b5 axb5 30. axb5 Bxf3 31. Rxf3 Nc5 32. Rg3 g6 33. Bd4 Rd8 34. h4 Re4 0-1


[Site "https://www.chess.com"]

[Event "Titled Tuesday Blitz January 17 Early 2023"]
[White "Starozhilov, Leonid"]
[Black "Melian, Juan Sebastian"]
[WhiteFideId "14106752"]
[BlackFideId "3706575"]
[WhiteElo "2313"]
[BlackElo "2293"]
[Result "1/2-1/2"]
[Round "10"]
[TimeControl "180+2"]
[Date "2023.01.17"]
[WhiteClock "0:00:04"]
[BlackClock "0:00:05"]

1. e4 c5 2. Nf3 e6 3. c4 Nc6 4. d4 cxd4 5. Nxd4 Qc7 6. Nc3 Nf6 7. a3 a6 8. Be3 Ne5 9. Rc1 Neg4 10. Qd2 Nxe3 11. Qxe3 Bc5 12. b4 Be7 13. Be2 d6 14. O-O O-O 15. Rfd1 Bd7 16. h3 Rac8 17. Nb3 Qb8 18. Qb6 Rc6 19. Qe3 Rfc8 20. e5 dxe5 21. c5 R6c7 22. Qxe5 Bc6 23. Na5 Be8 24. Nc4 Nd7 25. Qg3 b6 26. Rxd7 Bxd7 27. Nxb6 Rd8 28. Ne4 Bc6 29. Nc3 Bb7 30. Bf3 Bxf3 31. Qxf3 a5 32. g3 axb4 33. axb4 Bxc5 34. bxc5 Rxc5 35. Rb1 Qc7 36. Nba4 Rc4 37. Kg2 Rc8 38. Rb7 Qc6 39. Rxf7 Rxa4 40. Nxa4 Qxa4 41. Re7 Qc6 42. h4 Qxf3+ 43. Kxf3 Rc6 44. Ke4 Kf8 45. Rb7 Rc2 46. f4 h6 47. h5 Re2+ 48. Kf3 Re1 49. g4 Kg8 50. g5 hxg5 51. fxg5 Rg1 52. Kf4 Rf1+ 53. Kg4 Rg1+ 54. Kf4 Rf1+ 55. Kg3 Rg1+ 56. Kh4 Rh1+ 57. Kg4 Rg1+ 58. Kf4 1/2-1/2


[Site "https://www.chess.com"]

[Event "Titled Tuesday Blitz January 17 Early 2023"]
[White "Vlassov, Nikolai"]
[Black "Salman, Pavel"]
[WhiteFideId "4103360"]
[BlackFideId "24153753"]
[WhiteElo "2283"]
[BlackElo "2287"]
[Result "1-0"]
[Round "10"]
[TimeControl "180+2"]
[Date "2023.01.17"]
[WhiteClock "0:00:22"]
[BlackClock "0:00:13"]

1. e4 c5 2. c3 Nf6 3. e5 Nd5 4. d4 cxd4 5. cxd4 e6 6. Nc3 Nxc3 7. bxc3 Qc7 8. Bd2 b6 9. f4 Be7 10. Nf3 O-O 11. Bd3 Ba6 12. Be4 Bb7 13. Bb1 Qc4 14. h4 g6 15. h5 Nc6 16. hxg6 fxg6 17. Qc2 Ba6 18. Kf2 Rf7 19. a4 Raf8 20. Kg3 Bd8 21. Ba2 Qd3 22. Qxd3 Bxd3 23. d5 Ne7 24. dxe6 Nf5+ 25. Kf2 dxe6 26. Bxe6 Be7 27. g4 Bc5+ 28. Kg2 Ng7 29. Bd5 Rd8 30. Bxf7+ Kxf7 31. Ng5+ Kg8 32. Rxh7 Be4+ 33. Nxe4 Kxh7 34. Nf6+ Kh8 35. Rh1+ Nh5 36. Bc1 Rd3 37. gxh5 gxh5 38. Rxh5+ Kg7 39. f5 Be3 40. Bxe3 Rxe3 41. Ng4 Rxc3 42. e6 Rc4 43. Kg3 Rxa4 44. Rg5+ Kf8 45. f6 Re4 46. Nh6 Rxe6 47. Rg8# 1-0


[Site "https://www.chess.com"]

[Event "Titled Tuesday Blitz January 17 Early 2023"]
[White "Kvaloy, Aksel Bu"]
[Black "Liyanage, Ranindu Dilshan"]
[WhiteFideId "1528815"]
[BlackFideId "9915834"]
[WhiteElo "2321"]
[BlackElo "2342"]
[Result "1-0"]
[Round "10"]
[TimeControl "180+2"]
[Date "2023.01.17"]
[WhiteClock "0:00:07"]
[BlackClock "0:00:10"]

1. d4 Nf6 2. c4 e6 3. g3 d5 4. Nf3 dxc4 5. Bg2 a6 6. O-O Nc6 7. e3 Bd7 8. a4 Rb8 9. a5 b5 10. axb6 cxb6 11. Rxa6 Nb4 12. Ra1 Bd6 13. Ne5 Qc7 14. Qe2 b5 15. Nxd7 Nxd7 16. b3 O-O 17. Na3 Rfc8 18. bxc4 bxc4 19. Bd2 c3 20. Rfc1 c2 21. Nb5 Qb6 22. Bxb4 Bxb4 23. Rxc2 Rxc2 24. Qxc2 g6 25. Na3 Qa7 26. Qd3 Be7 27. Nc2 Qb6 28. Ne1 Nf6 29. Nf3 Qb2 30. Rd1 Ng4 31. Rf1 Rb3 32. Qa6 Qc2 33. h3 Nf6 34. d5 Nxd5 35. Nd4 Qd3 36. Qa8+ Kg7 37. Nxb3 Qxb3 38. Bxd5 exd5 39. Kg2 Bc5 40. Qc6 Qc2 41. Qxd5 f6 42. Qd7+ Kh6 43. Qc6 Qc3 44. Qf3 Qb2 45. h4 Kg7 46. Rd1 Bb4 47. Rd7+ Kh6 48. Qf4+ g5 49. hxg5+ fxg5 50. Rd6+ Bxd6 51. Qxd6+ Kg7 52. Qd5 Kg6 53. g4 h6 54. Qf5+ Kg7 55. Qe4 Qb5 56. Qe7+ Kg6 57. Qe6+ Kg7 58. Qe4 Qa5 59. Kh3 Qe1 60. Kg2 Qe2 61. Qd4+ Kg6 62. Qe4+ Kg7 63. Qf5 Qd1 64. e4 Qd4 65. Qd5 Qb4 66. Qd7+ Kf6 67. Qf5+ Kg7 68. e5 Qb7+ 69. Qf3 Qe7 70. Qe4 Qe6 71. Kg3 Kf7 72. Qh7+ Ke8 73. Qf5 Ke7 74. Qxe6+ Kxe6 75. f4 Kd5 76. Kf3 gxf4 77. Kxf4 Ke6 78. Ke4 Ke7 79. Kf5 Kf7 80. e6+ Ke7 81. Kg6 Kxe6 82. Kxh6 Kf7 83. g5 Kg8 84. Kg6 Kf8 85. Kh7 Kf7 86. g6+ 1-0


[Site "https://www.chess.com"]

[Event "Titled Tuesday Blitz January 17 Early 2023"]
[White "Dehtiarov, Roman"]
[Black "Womacka, Mathias"]
[WhiteFideId "14186640"]
[BlackFideId "4611390"]
[WhiteElo "2289"]
[BlackElo "2396"]
[Result "1-0"]
[Round "10"]
[TimeControl "180+2"]
[Date "2023.01.17"]
[WhiteClock "0:00:03"]
[BlackClock "0:00:03"]

1. e4 c5 2. Nc3 Nc6 3. f4 g6 4. Nf3 Bg7 5. Bb5 Nd4 6. O-O Nxb5 7. Nxb5 d5 8. e5 d4 9. d3 a6 10. Na3 b5 11. c3 Nh6 12. cxd4 cxd4 13. Nc2 Nf5 14. Qe2 Bb7 15. Bd2 O-O 16. Rac1 a5 17. g4 Ne3 18. Nxe3 dxe3 19. Bxe3 Qd5 20. Rc5 Qxa2 21. Rxb5 Ba6 22. Rb6 Rfb8 23. Rxb8+ Rxb8 24. Bd4 Qd5 25. Qe3 f6 26. exf6 exf6 27. g5 Rf8 28. gxf6 Bxf6 29. Bxf6 Rxf6 30. Rc1 Bb7 31. Rc7 Rf7 32. Rxf7 Kxf7 33. Ng5+ Kf6 34. Ne4+ Kg7 35. Qb6 Bc6 36. Qc7+ Kh6 37. Qd6 Qxd6 38. Nxd6 Kh5 39. Kf2 Kg4 40. Ke3 Kh3 41. Nf7 Kxh2 42. Ng5 h5 43. Kf2 Bd5 44. d4 a4 45. Nh7 Kh3 46. Nf6 Bb7 47. d5 1-0


[Site "https://www.chess.com"]

[Event "Titled Tuesday Blitz January 17 Early 2023"]
[White "Bettalli, Francesco"]
[Black "Klose, Eli"]
[WhiteFideId "2816453"]
[BlackFideId "16242955"]
[WhiteElo "2252"]
[BlackElo "1519"]
[Result "1-0"]
[Round "10"]
[TimeControl "180+2"]
[Date "2023.01.17"]
[WhiteClock "0:01:49"]
[BlackClock "0:00:56"]

1. d4 Nf6 2. Nc3 d5 3. Bg5 Bf5 4. Bxf6 gxf6 5. f3 Bh6 6. e4 dxe4 7. fxe4 Bg6 8. Nf3 Nc6 9. Bb5 O-O 10. Bxc6 bxc6 11. O-O c5 12. d5 Rb8 13. b3 Qd6 14. Kh1 c6 15. dxc6 Qxc6 16. Nd5 Rfe8 17. Nh4 Bg7 18. Qg4 Qb6 19. Nxb6 axb6 20. Nxg6 hxg6 21. Rad1 e6 22. Rd7 f5 23. exf5 exf5 24. Qc4 Re6 25. h3 Rbe8 26. a4 Bh6 27. a5 bxa5 28. Qxc5 Re1 29. Rd1 R1e5 30. Qc7 Bg5 31. Qc3 Bh4 32. g3 Bf6 33. Qf3 Kg7 34. g4 Re3 35. Qg2 Rh8 36. Rd3 Rhxh3+ 37. Qxh3 Rxh3+ 38. Rxh3 fxg4 39. Rd3 Be5 40. Rd5 f6 41. Rxa5 Bc3 42. Rd5 f5 43. Rd3 Be5 44. b4 Kf6 45. b5 Kg5 46. b6 f4 47. b7 Kh4 48. Rd5 Bc7 49. Rd7 Be5 50. Re1 Bb8 51. Rd8 Bc7 52. b8=Q Bxb8 53. Rxb8 g3 54. Kg2 Kg4 55. Rb4 g5 56. Re5 Kh4 57. c4 g4 58. c5 f3+ 59. Kg1 g2 60. Re3 Kh3 61. Rxg4 Kxg4 62. Rxf3 Kxf3 63. c6 Kg3 64. c7 Kf3 65. c8=Q Kg3 66. Qf5 Kh4 67. Qg6 Kh3 68. Qg7 Kh4 69. Kxg2 Kh5 70. Kf3 Kh4 71. Qg4# 1-0


[Site "https://www.chess.com"]

[Event "Titled Tuesday Blitz January 17 Early 2023"]
[White "Sihite, Chelsie Monica Ignesias"]
[Black "Mammadzada, Gunay"]
[WhiteFideId "7101198"]
[BlackFideId "13403729"]
[WhiteElo "2266"]
[BlackElo "2449"]
[Result "1/2-1/2"]
[Round "10"]
[TimeControl "180+2"]
[Date "2023.01.17"]
[WhiteClock "0:00:18"]
[BlackClock "0:00:11"]

1. c4 c6 2. Nf3 Nf6 3. g3 d5 4. cxd5 cxd5 5. Bg2 Nc6 6. O-O e5 7. d3 Be7 8. Nc3 O-O 9. Bg5 Be6 10. Bxf6 Bxf6 11. Rc1 Qd6 12. a3 a6 13. Na4 Rac8 14. Nc5 Rc7 15. Nxe6 Qxe6 16. Qd2 e4 17. dxe4 dxe4 18. Ng5 Bxg5 19. Qxg5 Rd7 20. Qe3 f5 21. f3 Qe5 22. fxe4 Qxb2 23. exf5 Re7 24. Qc5 Qd4+ 25. e3 Qxe3+ 26. Qxe3 Rxe3 27. Bd5+ Kh8 28. Bxc6 bxc6 29. Rxc6 Rxa3 30. f6 gxf6 31. Rfxf6 Rxf6 32. Rxf6 Kg7 33. Rb6 a5 34. Kg2 a4 35. Kh3 Ra2 36. Ra6 a3 37. Kg4 h5+ 38. Kxh5 Rxh2+ 39. Kg5 a2 40. g4 Rf2 41. Ra7+ Kf8 42. Kg6 Rg2 43. g5 Rf2 44. Ra6 Ke7 45. Ra7+ Kd6 46. Kg7 Kc5 47. g6 Kb4 48. Kg8 Kb3 49. g7 Kb2 50. Rb7+ Kc1 51. Rc7+ Kb1 52. Rb7+ Kc1 53. Ra7 Kb1 54. Rb7+ Kc1 1/2-1/2


[Site "https://www.chess.com"]

[Event "Titled Tuesday Blitz January 17 Early 2023"]
[White "Erzhanov, Arman"]
[Black "Andreev, Eduard"]
[WhiteFideId "4138821"]
[BlackFideId "14103400"]
[WhiteElo "2228"]
[BlackElo "2413"]
[Result "0-1"]
[Round "10"]
[TimeControl "180+2"]
[Date "2023.01.17"]
[WhiteClock "0:00:25"]
[BlackClock "0:01:03"]

1. e4 c5 2. Nf3 d6 3. Bb5+ Nd7 4. d4 cxd4 5. Qxd4 a6 6. Bxd7+ Bxd7 7. O-O e5 8. Qd3 Qc7 9. Nc3 Bc6 10. Nd2 Nf6 11. Nc4 h6 12. Ne3 O-O-O 13. Ncd5 Nxd5 14. Nxd5 Bxd5 15. Qxd5 Qd7 16. Be3 Qe6 17. Qa5 d5 18. Bb6 Rd7 19. Rfd1 d4 20. c3 d3 21. c4 f6 22. Rd2 Qc6 23. f3 Qxc4 24. Rad1 Bb4 25. b3 Bxa5 26. bxc4 Bxb6+ 27. Kf1 Be3 28. Rxd3 Rxd3 29. Rxd3 Bd4 30. f4 Kc7 31. fxe5 Bxe5 32. g3 Rd8 33. Rd5 Rxd5 34. cxd5 Kd6 35. Ke2 f5 36. Kd3 fxe4+ 37. Kxe4 b5 38. h3 a5 39. g4 b4 40. h4 a4 41. Kd3 b3 42. axb3 axb3 43. g5 hxg5 44. hxg5 Kxd5 45. Kd2 Ke6 46. g6 Kf6 47. Kd3 Kxg6 48. Kd2 Kf5 49. Kc1 g5 50. Kd2 g4 51. Ke2 Ke4 52. Kd2 b2 53. Kc2 g3 54. Kb1 g2 0-1


[Site "https://www.chess.com"]

[Event "Titled Tuesday Blitz January 17 Early 2023"]
[White "Valle Maytin, Luis Enrique"]
[Black "Korchmar, Vasiliy"]
[WhiteFideId "3503666"]
[BlackFideId "24131750"]
[WhiteElo "2241"]
[BlackElo "2438"]
[Result "0-1"]
[Round "10"]
[TimeControl "180+2"]
[Date "2023.01.17"]
[WhiteClock "0:00:03"]
[BlackClock "0:00:02"]

1. e4 c5 2. Nf3 d6 3. d4 cxd4 4. Nxd4 Nf6 5. Nc3 Nc6 6. Be2 g6 7. Be3 Bg7 8. Qd2 O-O 9. O-O-O d5 10. Nxc6 bxc6 11. e5 Nd7 12. f4 f6 13. exf6 Nxf6 14. h3 Bf5 15. g4 Ne4 16. Nxe4 Bxe4 17. Rhg1 Qb8 18. c3 a5 19. Bd3 Bxd3 20. Qxd3 a4 21. a3 Qb3 22. Qc2 Qc4 23. Rgf1 Rab8 24. Rf2 Rb7 25. Bd4 Rfb8 26. Qd3 Qa2 27. Qb1 Qxa3 28. Bxg7 Kxg7 29. Re2 Qxc3+ 30. Qc2 Qxc2+ 31. Rxc2 Rb6 32. Rd4 Ra8 33. Re2 Kf7 34. f5 gxf5 35. Rf4 a3 36. Rxf5+ Ke8 37. bxa3 Rxa3 38. Re6 Rxh3 39. Rfe5 Kd7 40. Rxe7+ Kd6 41. R7e6+ Kc5 42. Re2 Rb4 43. Rc2+ Rc4 44. Rxc4+ dxc4 45. Re5+ Kd4 46. Re6 Kc3 47. Re1 Rg3 48. Rh1 Rxg4 49. Rh3+ Kb4 50. Rxh7 Kb3 51. Rb7+ Kc3 52. Kb1 Rg1+ 53. Ka2 Kc2 54. Rc7 Rg6 55. Rf7 Rd6 56. Rf2+ Rd2 57. Rf6 c3 58. Rxc6 Kc1+ 59. Ka1 c2 60. Rf6 Rd5 61. Rf1+ Kd2 62. Rf2+ Kc3 63. Rf3+ Rd3 64. Rf1 Rd1+ 65. Rxd1 cxd1=Q+ 66. Ka2 Qd2+ 67. Ka1 Qb2# 0-1


[Site "https://www.chess.com"]

[Event "Titled Tuesday Blitz January 17 Early 2023"]
[White "Zemlyanskii, Ivan"]
[Black "Manukian, Artak"]
[WhiteFideId "24249971"]
[BlackFideId "13301373"]
[WhiteElo "2300"]
[BlackElo "2196"]
[Result "1-0"]
[Round "10"]
[TimeControl "180+2"]
[Date "2023.01.17"]
[WhiteClock "0:00:08"]
[BlackClock "0:00:02"]

1. d4 Nf6 2. c4 g6 3. Nf3 Bg7 4. Nc3 O-O 5. e4 d6 6. Be2 e5 7. O-O Nc6 8. Be3 Ng4 9. Bg5 f6 10. Bc1 Nh6 11. dxe5 Nxe5 12. Nxe5 fxe5 13. Be3 Nf7 14. c5 Be6 15. cxd6 Nxd6 16. Rc1 Nc4 17. Qb3 Nxe3 18. Qxe6+ Kh8 19. fxe3 Qd2 20. Bf3 Qxb2 21. Na4 Qa3 22. Qb3 Qe7 23. Qxb7 Rab8 24. Qxc7 Qa3 25. Nc5 Rbc8 26. Qd6 Qxe3+ 27. Kh1 Qa3 28. Qd5 Rfd8 29. Qb3 Qxb3 30. Nxb3 h5 31. Kg1 Bh6 32. Rxc8 Rxc8 33. Rd1 Be3+ 34. Kf1 Rc2 35. Rd3 Bb6 36. Nd2 Rxa2 37. Nc4 Ra1+ 38. Ke2 Bd4 39. Nd6 a5 40. Nb5 Ra2+ 41. Rd2 Rxd2+ 42. Kxd2 Bg1 43. h3 Kg7 44. Kc3 Kf6 45. Nc7 Kg5 46. Ne6+ Kh4 47. Kb3 g5 48. Ng7 g4 49. hxg4 hxg4 50. Be2 Kg3 51. Nf5+ 1-0


[Site "https://www.chess.com"]

[Event "Titled Tuesday Blitz January 17 Early 2023"]
[White "Md, Imran"]
[Black "Wagh Suyog"]
[WhiteFideId "25748580"]
[BlackFideId "25071688"]
[WhiteElo "2284"]
[BlackElo "2313"]
[Result "0-1"]
[Round "10"]
[TimeControl "180+2"]
[Date "2023.01.17"]
[WhiteClock "0:00:13"]
[BlackClock "0:00:38"]

1. d4 b6 2. c4 Bb7 3. Nc3 e6 4. a3 Nf6 5. Bg5 h6 6. Bh4 Be7 7. e3 d6 8. Nf3 Nbd7 9. Be2 g5 10. Bg3 g4 11. Nd2 Bxg2 12. Rg1 Bh3 13. Qc2 h5 14. Bh4 Nh7 15. Bxe7 Qxe7 16. Qe4 Rb8 17. O-O-O a6 18. f3 gxf3 19. Bxf3 Bf5 20. Qc6 Kd8 21. e4 Bg6 22. e5 dxe5 23. Nde4 Kc8 24. Qa4 a5 25. d5 Nc5 26. Qb5 Nxe4 27. Qa6+ Rb7 28. Qa8+ Rb8 29. Qa6+ Rb7 30. Nxe4 Bxe4 31. Bxe4 f5 32. d6 cxd6 33. Bxb7+ Qxb7 34. Qxb7+ Kxb7 35. Rxd6 Nf8 36. Rd8 Kc7 37. Rgd1 e4 38. b4 axb4 39. axb4 e3 40. Ra8 Ng6 41. Ra7+ Kc6 42. Rdd7 Rc8 43. Rd1 e2 44. Re1 Nf4 45. Kd2 Rd8+ 46. Ke3 Ng2+ 47. Kxe2 Nxe1 48. Kxe1 Rd4 49. Re7 Kd6 50. Rb7 Rxc4 51. Rxb6+ Kd5 52. Rb8 Rc2 53. b5 Rxh2 54. b6 Rb2 55. b7 Ke5 56. Kf1 h4 57. Kg1 h3 0-1


[Site "https://www.chess.com"]

[Event "Titled Tuesday Blitz January 17 Early 2023"]
[White "Injac, Teodora"]
[Black "Turzo, Attila"]
[WhiteFideId "932400"]
[BlackFideId "704954"]
[WhiteElo "2391"]
[BlackElo "2279"]
[Result "1-0"]
[Round "10"]
[TimeControl "180+2"]
[Date "2023.01.17"]
[WhiteClock "0:00:08"]
[BlackClock "0:00:07"]

1. d3 d5 2. Nf3 Nf6 3. g3 e6 4. Bg2 b6 5. O-O Bb7 6. a4 Be7 7. Nc3 O-O 8. e4 dxe4 9. Ng5 Nbd7 10. a5 Rb8 11. a6 Ba8 12. dxe4 Nc5 13. Qe2 h6 14. Nh3 e5 15. f4 exf4 16. Nxf4 Nfxe4 17. Nxe4 Nxe4 18. Rd1 Bc5+ 19. Be3 Qe7 20. Bd4 Rfe8 21. c3 Rbd8 22. Qc4 Bxd4+ 23. Rxd4 c5 24. Rxd8 Qxd8 25. Re1 Nd2 26. Rxe8+ Qxe8 27. Qe2 Qxe2 28. Nxe2 Bxg2 29. Kxg2 Nc4 30. b4 cxb4 31. cxb4 Ne3+ 32. Kf3 Nd5 33. b5 f5 34. Nd4 Nc7 35. Kf4 Kf7 36. Kxf5 Ke7 37. Nc6+ Kd6 38. Nxa7 Kc5 39. Ke5 g5 40. h4 gxh4 41. gxh4 h5 42. Kf6 Kd6 43. Kg5 Ke5 44. Kxh5 Kf5 45. Kh6 Kf6 46. h5 Kf7 47. Kg5 Kg7 48. h6+ Kh7 49. Kh5 Kh8 50. Nc8 Nxb5 51. Nxb6 Na7 52. Kg6 Kg8 53. Nd7 Nc6 54. a7 Nxa7 55. h7+ Kh8 56. Ne5 1-0


[Site "https://www.chess.com"]

[Event "Titled Tuesday Blitz January 17 Early 2023"]
[White "Musovic, Armin"]
[Black "Alex_Sahakyan2006"]
[WhiteFideId "939935"]
[WhiteElo "2261"]
[BlackElo "2675"]
[Result "0-1"]
[Round "10"]
[TimeControl "180+2"]
[Date "2023.01.17"]
[WhiteClock "0:00:25"]
[BlackClock "0:00:16"]

1. a3 g6 2. Nc3 Bg7 3. e4 c5 4. Bc4 Nc6 5. d3 e6 6. Bf4 d6 7. Ba2 Nge7 8. Nge2 O-O 9. O-O a6 10. h3 b5 11. Bg5 h6 12. Bh4 Qc7 13. f4 Bb7 14. f5 exf5 15. exf5 Nxf5 16. Rxf5 gxf5 17. Nd5 Qc8 18. Nef4 Qe8 19. Qh5 Qe5 20. Re1 Qxb2 21. Nf6+ Bxf6 22. Qg6+ Bg7 23. Nh5 c4 24. Qg3 f4 25. Nxf4 Rae8 26. Rxe8 Rxe8 27. Nh5 Kh8 28. Nxg7 Qxg7 29. Qxd6 Qa1+ 30. Kh2 Qe5+ 31. Qxe5+ Nxe5 32. d4 Ng6 33. Bf6+ Kg8 34. c3 Re2 35. Bb1 Rxg2+ 36. Kh1 Rf2+ 37. Kg1 Rxf6 38. Bxg6 Rxg6+ 39. Kf2 Rg2+ 40. Ke3 Bd5 41. Kf4 Re2 42. Kf5 Re4 43. Kf6 Re6+ 44. Kf5 Kg7 45. a4 a5 46. axb5 a4 47. h4 a3 48. b6 Bb7 49. d5 a2 50. dxe6 fxe6+ 51. Ke5 a1=Q 52. Kd4 Qa6 53. Kc5 Qa5+ 0-1


[Site "https://www.chess.com"]

[Event "Titled Tuesday Blitz January 17 Early 2023"]
[White "Vivas Zamora, Fabian Ernesto"]
[Black "Sadubayev, Airat"]
[WhiteFideId "3902480"]
[BlackFideId "13713264"]
[WhiteElo "2346"]
[BlackElo "2320"]
[Result "0-1"]
[Round "10"]
[TimeControl "180+2"]
[Date "2023.01.17"]
[WhiteClock "0:00:01"]
[BlackClock "0:00:08"]

1. e4 c6 2. Nf3 d5 3. Nc3 dxe4 4. Nxe4 Nf6 5. Qe2 Nxe4 6. Qxe4 Qd5 7. Qh4 Qe6+ 8. Be2 Qg4 9. Qg3 g6 10. d4 Bg7 11. Bf4 Qxg3 12. hxg3 Bg4 13. O-O-O Nd7 14. Bc4 Nb6 15. Bb3 Nd5 16. Bh6 O-O 17. Rh4 Bxf3 18. gxf3 Bxh6+ 19. Rxh6 Kg7 20. Rdh1 Rh8 21. Bxd5 cxd5 22. f4 Rac8 23. g4 Rc4 24. c3 b5 25. a3 a5 26. Kd2 b4 27. axb4 axb4 28. g5 e6 29. R6h3 bxc3+ 30. bxc3 Ra4 31. Kd3 Ra3 32. R1h2 h5 33. gxh6+ Kh7 34. Rh1 Rb8 35. Rc1 Rb2 36. Rc2 Rb1 37. Ke3 Re1+ 38. Kf3 Raa1 39. Rb2 Rac1 40. Rb3 Rc2 41. Kg2 Ree2 42. Rf3 Kxh6 43. Rb7 Kg7 44. Rc7 Kf6 45. Kg3 Re1 46. Re3 Rg1+ 47. Kf3 Rf1 48. Re2 Rxe2 49. Kxe2 Rc1 50. Kd2 Ra1 51. Kd3 Re1 52. c4 Re4 53. cxd5 exd5 54. Rc6+ Ke7 55. Rc7+ Ke6 56. Rc6+ Kd7 57. Rc5 Kd6 58. Ra5 Rxf4 59. Ra6+ Ke7 60. Ke3 Re4+ 61. Kd3 g5 62. Ra7+ Ke6 63. Ra6+ Ke7 64. Ra7+ Kf6 65. Ra5 Rf4 66. Rxd5 Rxf2 67. Ke3 Rf1 68. Ke2 Rh1 69. Kf3 Rh3+ 70. Kg4 Rh4+ 71. Kg3 Kg6 72. Rd6+ f6 73. d5 Rd4 74. Kf3 Kf5 75. Ke3 Rd1 76. Rd8 Ke5 77. Re8+ Kf5 78. Rd8 g4 79. Ke2 Rd4 80. Ke3 Re4+ 81. Kf2 Kf4 82. d6 f5 83. d7 Rd4 84. Ke2 Rd5 85. Ke1 g3 86. Ke2 Rd6 87. Ke1 Re6+ 88. Kf1 Rd6 89. Ke1 Kf3 0-1


[Site "https://www.chess.com"]

[Event "Titled Tuesday Blitz January 17 Early 2023"]
[White "Berezin, Viktor"]
[Black "Gauri, Shankar"]
[WhiteFideId "14107872"]
[BlackFideId "5041350"]
[WhiteElo "2307"]
[BlackElo "2360"]
[Result "1-0"]
[Round "10"]
[TimeControl "180+2"]
[Date "2023.01.17"]
[WhiteClock "0:00:09"]
[BlackClock "0:00:01"]

1. d4 Nf6 2. c4 e6 3. Nf3 b6 4. g3 Bb7 5. Bg2 Bb4+ 6. Bd2 Be7 7. O-O c6 8. Nc3 d5 9. Qc2 dxc4 10. e4 b5 11. e5 Nd5 12. Ne4 Na6 13. b3 Nab4 14. Qd1 Nd3 15. bxc4 bxc4 16. Rb1 Ba6 17. Qa4 Bb5 18. Rxb5 cxb5 19. Qxb5+ Qd7 20. Qxc4 N3b4 21. a3 Nc6 22. Bg5 O-O 23. Bxe7 Ncxe7 24. Nc5 Qc7 25. Ng5 Rab8 26. Qd3 g6 27. h4 Rb2 28. h5 Qa5 29. Nge4 Nf5 30. Nd7 Qb5 31. Ndf6+ Nxf6 32. Nxf6+ Kg7 33. Qe4 Qe2 34. Qf4 Qd2 35. Qg4 Rfb8 36. hxg6 hxg6 37. Be4 Rb1 38. Bxb1 Nxd4 39. Be4 Rh8 40. Kg2 Nc2 41. Bxc2 Qxc2 42. Ne4 Rh5 43. Ng5 Qc6+ 44. Qf3 Qc2 45. Qf6+ Kh6 46. Nxf7+ Kh7 47. Qh8# 1-0


[Site "https://www.chess.com"]

[Event "Titled Tuesday Blitz January 17 Early 2023"]
[White "Kuznetsov, Mikhail"]
[Black "Shuvalova, Polina"]
[WhiteFideId "4117190"]
[BlackFideId "24171760"]
[WhiteElo "2050"]
[BlackElo "2484"]
[Result "1-0"]
[Round "10"]
[TimeControl "180+2"]
[Date "2023.01.17"]
[WhiteClock "0:00:04"]
[BlackClock "0:00:01"]

1. Nf3 Nf6 2. g3 d5 3. Bg2 g6 4. b3 Bg7 5. Bb2 O-O 6. O-O c5 7. c4 d4 8. b4 Nc6 9. bxc5 e5 10. d3 Nd7 11. Ba3 Re8 12. Nfd2 f5 13. Nb3 a5 14. N1d2 a4 15. Nc1 Qa5 16. Bd5+ Kh8 17. Nf3 Bf6 18. Qd2 Qc7 19. Ng5 Nd8 20. h4 Nxc5 21. h5 Nce6 22. Nxe6 Bxe6 23. Bxe6 Nxe6 24. hxg6 hxg6 25. Qh6+ Qh7 26. Qxh7+ Kxh7 27. Rb1 Ra7 28. e3 Rd8 29. Rb6 Re8 30. Ne2 dxe3 31. fxe3 Bg5 32. Kf2 Nd8 33. Rh1+ Kg7 34. Nc3 Ra8 35. Nd5 Rc8 36. Bd6 Re6 37. c5 Rc6 38. Rxc6 Nxc6 39. Nc7 Rf6 40. Rb1 Rf7 41. Rxb7 e4 42. d4 Nd8 43. Rb8 Nc6 44. Ne8+ Kh6 45. Ra8 Bf6 46. Nxf6 Rxf6 47. Rxa4 Rf7 48. Ra6 Nb4 49. Rb6 Nd3+ 50. Ke2 Ra7 51. c6 Rxa2+ 52. Kd1 Nf2+ 53. Kc1 Nd3+ 54. Kb1 Re2 55. c7 Re1+ 56. Ka2 Rc1 57. Rb8 Rc2+ 58. Kb3 Rc6 59. c8=Q Rxc8 60. Rxc8 Kh5 61. Rh8+ Kg4 62. Kc4 Nf2 63. Bf4 Kf3 64. d5 1-0


[Site "https://www.chess.com"]

[Event "Titled Tuesday Blitz January 17 Early 2023"]
[White "Santos Flores, Alberto"]
[Black "Piesik, Piotr"]
[WhiteFideId "3601234"]
[BlackFideId "1136194"]
[WhiteElo "2164"]
[BlackElo "2426"]
[Result "0-1"]
[Round "10"]
[TimeControl "180+2"]
[Date "2023.01.17"]
[WhiteClock "0:01:02"]
[BlackClock "0:01:29"]

1. e4 g6 2. d4 Bg7 3. Nc3 c6 4. Nf3 d6 5. Be3 Nf6 6. Qd2 O-O 7. Bh6 b5 8. Bd3 b4 9. Ne2 c5 10. h4 Bxh6 11. Qxh6 Ng4 12. Qd2 h5 13. Ng3 Nc6 14. Bc4 Nxd4 15. Nxd4 cxd4 16. Qxd4 Qb6 17. Qxb6 axb6 18. Bb3 Ba6 19. f3 Ne5 20. O-O-O Rfc8 21. Rd4 Bc4 22. Kb1 b5 23. Nf1 Rc5 24. Ne3 Rac8 25. Nd5 Bxd5 26. Rxd5 Kf8 27. Rhd1 Rxd5 28. Rxd5 Rc5 29. Rd4 Nc6 30. Rd2 g5 31. Bd5 gxh4 32. Bxc6 Rxc6 33. Rd4 Rc5 34. Rxb4 Rg5 35. b3 Rxg2 36. Rxb5 e5 0-1


[Site "https://www.chess.com"]

[Event "Titled Tuesday Blitz January 17 Early 2023"]
[White "Pein, Jonathan"]
[Black "Aloma Vidal, Robert"]
[WhiteFideId "417092"]
[BlackFideId "2260409"]
[WhiteElo "2265"]
[BlackElo "2442"]
[Result "0-1"]
[Round "10"]
[TimeControl "180+2"]
[Date "2023.01.17"]
[WhiteClock "0:00:04"]
[BlackClock "0:00:28"]

1. b3 d5 2. Bb2 Bf5 3. Nf3 e6 4. g3 Nf6 5. Bg2 h6 6. O-O Be7 7. d3 Bh7 8. Nbd2 O-O 9. Re1 a5 10. a4 Nc6 11. e4 dxe4 12. dxe4 Nb4 13. Ne5 c6 14. Rc1 Qc7 15. Ng4 Nd7 16. h4 e5 17. Nc4 f6 18. Qe2 Rfd8 19. Rcd1 Nf8 20. Bc1 Rxd1 21. Rxd1 Rd8 22. c3 Na6 23. Rxd8 Qxd8 24. Bxh6 gxh6 25. Nxh6+ Kg7 26. Qh5 Bg6 27. Nf5+ Bxf5 28. Qxf5 Nc5 29. Ne3 Qe8 30. h5 Nce6 31. Qg4+ Kh8 32. Nf5 Qf7 33. Bf1 Qg8 34. Qxg8+ Kxg8 35. Nxe7+ Kf7 36. Nf5 Ng5 37. Bc4+ Ke8 38. Bd3 b6 39. f4 exf4 40. gxf4 Nh3+ 41. Kh2 Nxf4 42. Ng7+ Kf7 43. h6 Nxd3 44. Nf5 Kg6 45. Nd6 Nc5 46. Nc4 Nxb3 47. Nxb6 Nd2 48. Nc4 Nxc4 0-1


[Site "https://www.chess.com"]